 Dungeon Crawl Stone Soup version 0.29-a0-284-gf9362112df (webtiles) character file.

Game seed: 15088084974734525615

14 sokol815 the Magician (level 2, -1/20 HPs)
             Began as a Demonspawn Hedge Wizard on Mar 23, 2022.
             Slain by a goblin
             ... wielding a +0 club
              (4 damage)
             ... on level 1 of the Dungeon.
             The game lasted 00:01:10 (530 turns).

sokol815 the Magician (Demonspawn Hedge Wizard)      Turns: 530, Time: 00:01:11

Health: -1/20      AC:  8    Str: 10    XL:     2   Next: 27%
Magic:  6/6        EV:  4    Int: 15    God:
Gold:   10         SH:  0    Dex: 12    Spells: 6/7 levels left

rFire   . . .      SeeInvis .   e - +0 hand axe
rCold   . . .      Faith    .   (no shield)
rNeg    . . .      Spirit   .   d - +0 chain mail
rPois   .          Reflect  .   c - +0 hat
rElec   .          Harm     .   (no cloak)
rCorr   .          Rampage  .   (no gloves)
Will    .....                   (no boots)
Stlth   ..........              (no amulet)
HPRegen 0.06/turn               (no ring)
MPRegen 0.10/turn               (no ring)

@: no status effects
A: antennae 1
a: no special abilities


You were on level 1 of the Dungeon.
You visited 1 branch of the dungeon, and saw 1 of its levels.

You collected 10 gold pieces.

Inventory:

Hand Weapons
 a - a +0 dagger
 e - a +0 hand axe (weapon)
   (You found it on level 1 of the Dungeon)
Armour
 b - a +0 robe
 c - a +0 hat (worn)
 d - a +0 chain mail (worn)
   (You found it on level 1 of the Dungeon)
Potions
 M - a potion of magic


   Skills:
 - Level 0.5 Fighting
 + Level 0.4 Axes
 - Level 0.4 Armour
 - Level 2.0 Dodging
 - Level 1.8 Stealth
 - Level 3.0 Spellcasting
 - Level 1.1 Conjurations
 - Level 1.1 Summonings
 - Level 1.0 Translocations


You had 6 spell levels left.
You knew the following spells:

 Your Spells              Type           Power      Damage    Failure   Level
a - Magic Dart            Conj           20%        1d4       100%        1

Your spell library contained the following spells:

 Spells                   Type           Power      Damage    Failure   Level
 Slow                     Hex            8%         N/A       100%        1
 Blink                    Tloc           10%        N/A       100%        2
 Call Imp                 Summ           5%         N/A       100%        2
 Conjure Flame            Conj/Fire      3%         6-21      100%        3
 Mephitic Cloud           Conj/Pois/Air  3%         N/A       100%        3


Dungeon Overview and Level Annotations

Branches:
Dungeon (1/15)

Altars:


Innate Abilities, Weirdness & Mutations

You have a pair of small antennae on your head.


Message History

No target in view!
A rat comes into view.
Health restored: 14 The rat twitches its whiskers.
The rat bites you but does no damage.
You closely miss the rat. The rat barely misses you.
You closely miss the rat. The rat bites you but does no damage.
You barely miss the rat. The rat bites you but does no damage.
You hit the rat.
You kill the rat!
Your Dodging skill increases to level 2!
You have reached level 2!
Your demonic ancestry asserts itself...
A pair of antennae grows on your head!
Health restored: 20; MP restored: 6 A quokka and a goblin come into view.
You see here a +0 hand axe.
e - a +0 hand axe The goblin hits you but does no damage.
The quokka bites you but does no damage.
e - a +0 hand axe (weapon)
You barely miss the quokka. You closely miss the goblin.
The quokka barely misses you. The goblin hits you but does no damage.
The quokka bites you but does no damage.
You closely miss the quokka. You hit the goblin.
You kill the goblin!
The quokka bites you but does no damage.
You closely miss the quokka. The quokka bites you.
The quokka twitches its whiskers.
The quokka barely misses you.
You take 2 damage, and have 18/20 hp.
You closely miss the quokka.
The quokka bites you but does no damage.
You hit the quokka.
The quokka bites you but does no damage. x2
You hit the quokka but do no damage. The quokka barely misses you.
You closely miss the quokka. The quokka bites you.
The quokka bites you but does no damage.
You take 3 damage, and have 15/20 hp.
You slash the quokka!
You kill the quokka!
No target in view!
You see here a +0 club.
A bat comes into view.
Health restored: 20
Okay, then.
The bat hits you but does no damage.
You barely miss the bat. The bat hits you but does no damage.
You hit the bat. The bat hits you but does no damage.
You barely miss the bat. The bat barely misses you.
You barely miss the bat. The bat barely misses you.
You closely miss the bat. The bat hits you but does no damage.
You hit the bat.
You kill the bat!
No target in view!
No target in view!
A kobold comes into view. It is wielding a +0 short sword.
The kobold shouts!
You hear a shout!
The kobold throws a stone.
The stone hits you but does no damage.
You see here a scroll labelled HEQIRPH ALEAM.
An endoplasm comes into view.
The kobold throws a stone.
The stone hits you but does no damage.
The endoplasm moves out of view.
The kobold hits you but does no damage.
A goblin comes into view. It is wielding a +0 club.
You closely miss the kobold.
The kobold hits you but does no damage. x2
You closely miss the kobold.
The kobold hits you with a +0 short sword.
You take 1 damage, and have 19/20 hp.
You barely miss the kobold. You hit the endoplasm.
The kobold hits you but does no damage. The endoplasm freezes you.
You are frozen.
You take 3 damage, and have 16/20 hp.
You hit the endoplasm but do no damage. You closely miss the kobold.
You hit the goblin. The kobold hits you but does no damage.
The endoplasm barely misses you. The goblin hits you but does no damage.
You hit the endoplasm.
You kill the endoplasm!
You hit the goblin but do no damage. You closely miss the kobold.
The kobold hits you with a +0 short sword.
The goblin hits you with a +0 club.
The kobold hits you with a +0 short sword.
The goblin hits you but does no damage.
You take 7 damage, and have 9/20 hp.
MASSIVE DAMAGE!!
You hit the kobold but do no damage. You hit the goblin.
The kobold hits you with a +0 short sword.
* * * LOW HITPOINT WARNING * * *
The goblin hits you but does no damage.
You take 3 damage, and have 6/20 hp.
You hit the kobold.
You kill the kobold!
You closely miss the goblin. The goblin hits you but does no damage.
You closely miss the goblin. The goblin hits you but does no damage.
The goblin hits you with a +0 club.
* * * LOW HITPOINT WARNING * * *
You take 3 damage, and have 3/20 hp.
You closely miss the goblin. The goblin hits you with a +0 club.
You die...

###### #....####
#####.......
..........#####.#.
........?........
#######....#.####.#.#
......g@...†........#
###...).####..###...##
......#...)..........#
###...#.†.###.###....#
#..# #.#.............
.... ...#.....†.......
... #.###.#.##.##.#.#
.. #.....#....# .
#.###.#..#


You could see a goblin.

Vanquished Creatures
  3 bats (D:1)
  2 endoplasms (D:1)
  2 kobolds (D:1)
  2 quokkas (D:1)
  A goblin (D:1)
  2 rats (D:1)
12 creatures vanquished.

Notes
Turn   | Place    | Note
-------+----------+-------------------------------------------
     0 | D:1      | sokol815 the Demonspawn Hedge Wizard began the quest for
                  | the Orb.
     0 | D:1      | Reached XP level 1. HP: 13/13 MP: 4/4
    50 | D:1      | Reached skill level 1 in Translocations
   425 | D:1      | Reached skill level 2 in Dodging
   425 | D:1      | Gained mutation: You have a pair of small antennae on your
                  | head. [demonic ancestry]
   425 | D:1      | Reached XP level 2. HP: 20/20 MP: 6/6
   529 | D:1      | HP: 3/20 [goblin/+0 club (3)]
   530 | D:1      | Slain by a goblin

Illustrated notes

Levels and vault maps discovered:
D:1:      nicolae_arrival_washed_ashore, layout_basic,
          minmay_misc_feat_nine_boxes, hangedman_abyss_or_decor_stabs,
          minmay_misc_feat_x, minmay_pentomino_s4

Skill      XL: |  1 |
---------------+----+-----
Translocations | 1 |  1.0
Dodging        | 2 |  2.0
Fighting       | |  0.5
Axes           | |  0.4
Armour         | |  0.4
Stealth        | |  1.8
Spellcasting   | |  3.0
Conjurations   | |  1.1
Summonings     | |  1.1

Action                   || total
-------------------------++-------
Melee: Dagger            ||    23
       Hand axe          ||    23
 Cast: Magic Dart        ||     3
 Stab: Sleeping          ||     3
Armor: Chain mail        ||    40
Dodge: Dodged            ||    18

Table legend: (Time is in decaauts)
 A = Elapsed time spent in this place.
 B = Non-inter-level travel time spent in this place.
 C = Inter-level travel time spent in this place.
 D = Time resting spent in this place.
 E = Time spent auto-exploring this place.
 F = Levels seen in this place.
 G = Mean time per level.
                   A        B        C        D        E       F      G
               +--------+--------+--------+--------+--------+-----+--------+
         Total |    536 |    536 |      0 |    175 |    255 |   1 |  536.0 |
       Dungeon |    536 |    536 |      0 |    175 |    255 |   1 |  536.0 |
               +--------+--------+--------+--------+--------+-----+--------+

Top non-repeatable levels by time:
     D:1: 536 daAuts

Table legend:
 A = Kills in this place as a percentage of kills in entire the game.
 B = Kills by you in this place as a percentage of kills by you in the entire game.
 C = Kills by friends in this place as a percentage of kills by friends in the entire game.
 D = Other kills in this place as a percentage of other kills in the entire game.
 E = Experience gained in this place as a percentage of experience gained in the entire game.
 F = Experience gained in this place divided by the number of levels of this place that you have seen.
                   A       B       C       D       E      F
               +-------+-------+-------+-------+-------+----------------------
         Total | 100.0 | 100.0 |   N/A |   N/A | 100.0 |  20.0
       Dungeon | 100.0 | 100.0 |   N/A |   N/A | 100.0 |  20.0
               +-------+-------+-------+-------+-------+----------------------
